 Dungeon Crawl Stone Soup version 0.18-a0-401-g4081cbf (webtiles) character file.

1442 Yakui the Twirler (level 8, 0/64 HPs)
             Began as a Mummy Gladiator on Nov 30, 2015.
             Was an Initiate of Ru.
             Slain by an orc warrior
             ... wielding a +0 hand axe
              (20 damage)
             ... on level 6 of the Dungeon.
             The game lasted 00:25:07 (8583 turns).

Yakui the Twirler (Mummy Gladiator)                 Turns: 8583, Time: 00:25:07

Health: 0/64       AC:  5    Str: 18    XL:     8   Next: 46%
Magic:  8/8        EV: 21    Int:  8    God:    Ru [......]
Gold:   373        SH:  0    Dex: 18    Spells: 0 memorised, 7 levels left

rFire  x . .     SeeInvis .     a - +1 quarterstaff
rCold  + . .     Clarity  .     b - +0 leather armour
rNeg   + + +     SustAt   .     (shield currently unavailable)
rPois  ∞         Gourm    .     c - +1 helmet
rElec  .         Spirit   .     (no cloak)
rCorr  .         Dsmss    .     (no gloves)
rMut   .         Stasis   .     (no boots)
MR     +....                    (no amulet)
Stlth  +.........               m - +6 ring of evasion
                                f - +4 ring of dexterity (curse)

@: somewhat resistant to hostile enchantments, very unstealthy
A: no food or potions, fire vulnerability, cold resistance 1, negative energy
resistance 3, torment resistance, unbreathing
a: Renounce Religion


You were on level 6 of the Dungeon.
You worshipped Ru.
Ru was noncommittal.
You were not hungry.

You visited 2 branches of the dungeon, and saw 7 of its levels.

You collected 373 gold pieces.

Inventory:

Hand Weapons
 a - a +1 quarterstaff (weapon)
Missiles
 d - 3 throwing nets
 g - 189 stones
 i - 9 tomahawks (quivered)
Armour
 b - a +0 leather armour (worn)
 c - a +1 helmet (worn)
Jewellery
 f - a cursed +4 ring of dexterity (left hand)
 m - a +6 ring of evasion (right hand)
Wands
 j - a wand of lightning (8)
Scrolls
 e - 5 scrolls of identify
 h - 3 scrolls of teleportation
 k - a scroll of fog {unknown}
 l - 2 scrolls of remove curse


   Skills:
 - Level 6.1 Fighting
 - Level 6.5 Staves
 - Level 1.5 Throwing
 + Level 4.7 Dodging


You had 7 spell levels left.
You didn't know any spells.

Dungeon Overview and Level Annotations

Branches:
Dungeon (6/15)             Temple (1/1) D:6

Altars:
Ashenzari
Cheibriados
Dithmenos
Fedhas
Kikubaaqudgha
Makhleb
Nemelex Xobeh
Okawaru
Qazlal
Ru
Sif Muna
Vehumet
Xom
Yredelemnul

Shops:
D:4 %   D:6 }

Annotations:
D:3 exclusion: downstairs
D:5 exclusion: 2 downstairs


Innate Abilities, Weirdness & Mutations

You do not eat or drink.
Your flesh is vulnerable to fire.
You are immune to poison.
Your flesh is cold resistant.
You are immune to negative energy.
You are immune to unholy pain and torment.
You can survive without breathing.


Message History

The orc warrior is lightly wounded.
The orc warrior hits you with a hand axe.
You hit the orc warrior.
The orc warrior is moderately wounded.
The orc warrior hits you with a hand axe!!
You hit the orc warrior but do no damage.
The orc warrior is moderately wounded.
You hit the orc warrior but do no damage.
The orc warrior is moderately wounded.
The orc warrior closely misses you.
You barely miss the orc warrior.
The orc warrior is moderately wounded.
The orc warrior barely misses you.
You hit the orc warrior.
The orc warrior is moderately wounded.
The orc warrior hits you with a hand axe!
* * * LOW HITPOINT WARNING * * *
There is an entrance to Ytygh's Gadget Boutique here.
The orc warrior hits you with a hand axe!!
You die...

######### #.......#
#.#####.# ########
########
#.####..###...@o.#
#.......
###.##........####o###
#.######
...........#####..∩..###
#.##.... ###.###...##
#.......###.##.### #
#.......#
#...........##.# # #
#.####.##
#..._.......##.### # #.#
#.# #................. #
#.# ##'##
#%....8.._..####.#
#.###...## #...........#
#.#


You could see an orc warrior and an orc.

Vanquished Creatures
  Duvessa (D:4)
  An ogre (D:5)
  An orc warrior (D:6)
  3 phantoms
  A big kobold (D:5)
  A giant frog (D:6)
  Dowan (D:4)
  A scorpion (D:5)
  A crimson imp (D:6)
  A giant frog zombie (D:6)
  A centaur skeleton (D:4)
  A giant frog skeleton (D:5)
  2 hounds
  5 worker ants
  An orc priest (D:6)
  Jessica (D:2)
  Terence (D:2)
  An iguana (D:5)
  A hound zombie (D:5)
  6 adders
  4 gnolls (D:5)
  6 oozes
  5 worms
  An adder skeleton (D:4)
  5 orcs
  2 ball pythons
  9 bats
  3 giant cockroaches
  8 goblins
  8 hobgoblins
  27 kobolds
  A quokka (D:5)
  4 giant geckos
  3 giant newts
  12 rats
130 creatures vanquished.

Vanquished Creatures (others)
  A kobold (D:5)
1 creature vanquished.

Grand Total: 131 creatures vanquished

Notes
Turn   | Place    | Note
--------------------------------------------------------------
     0 | D:1      | Yakui the Mummy Gladiator began the quest for the Orb.
     0 | D:1      | Reached XP level 1. HP: 16/16 MP: 1/1
   376 | D:1      | Reached XP level 2. HP: 22/22 MP: 2/2
   421 | D:1      | Reached skill level 3 in Staves
  1195 | D:2      | Noticed Terence
  1243 | D:1      | Reached XP level 3. HP: 2/27 MP: 3/3
  2381 | D:2      | Reached skill level 4 in Staves
  2404 | D:2      | Found a deep blue altar of Sif Muna.
  2423 | D:2      | Found a snail-covered altar of Cheibriados.
  2432 | D:2      | Noticed Jessica
  2437 | D:2      | Killed Jessica
  2437 | D:2      | Reached XP level 4. HP: 24/33 MP: 4/4
  2871 | D:2      | Killed Terence
  3078 | D:3      | Reached XP level 5. HP: 38/38 MP: 5/5
  3561 | D:3      | Found a shadowy altar of Dithmenos.
  3752 | D:4      | Noticed Dowan
  3778 | D:4      | Killed Dowan
  3778 | D:4      | Reached skill level 5 in Staves
  3782 | D:4      | Noticed Duvessa
  3944 | D:4      | Killed Duvessa
  3944 | D:4      | Reached XP level 6. HP: 18/47 MP: 6/6
  4529 | D:4      | Found Wafoett's Food Boutique.
  4891 | D:4      | Reached skill level 5 in Fighting
  4891 | D:4      | Reached XP level 7. HP: 45/56 MP: 7/7
  5012 | D:5      | Entered Level 5 of the Dungeon
  7042 | D:6      | Found a staircase to the Ecumenical Temple.
  7142 | Temple   | Entered the Ecumenical Temple
  7200 | Temple   | Became a worshipper of Ru the Awakened
  7318 | D:6      | Found a shimmering altar of Xom.
  7321 | D:6      | Found a blossoming altar of Fedhas.
  7321 | D:6      | Found a stormy altar of Qazlal.
  7322 | D:6      | Found Ytygh's Gadget Boutique.
  7330 | D:6      | Reached skill level 6 in Staves
  7508 | D:5      | Reached XP level 8. HP: 62/62 MP: 8/8
  7531 | D:6      | Found a burning altar of Makhleb.
  8583 | D:6      | Slain by an orc warrior

Vault maps used:
D:1:      onia_arrival_mini_spirals, minmay_misc_feat_nine_boxes
D:2:      marbit_many_paths, lemuel_crystal_altar, first_bread, uniq_jessica,
          uniq_terence
D:3:      nicolae_dithmenos_through_a_glass_darkly
D:4:      serial_shops, shop, uniq_duvessa
D:5:      kennysheep_kobold_camp, serial_park_tiny_2
D:6:      grunt_temple_overflow_open, minmay_temple_entry_statues_pillars,
          basic_altar, serial_shops, shop
Temple:   cyrus_temple_forest_13

Action                   |  1- 3 |  4- 6 |  7- 9 || total
-------------------------+-------+-------+-------++-------
Melee: Quarterstaff      |   159 |   157 |   258 ||   574
Throw: Stone             |       |       |     9 ||     9
       Tomahawk          |       |       |     2 ||     2
  Use: Scroll            |     3 |     5 |     1 ||     9
 Stab: Sleeping          |       |     1 |     1 ||     2
